 Dungeon Sprint DCSS version 0.27.0-66-gdc8fb28755 (webtiles) character file.

Game seed: 1524547801951339749

7446 styxcanada the Imperceptible (level 10, -3/56 HPs)
             Began as a Spriggan Brigand on Aug 19, 2021.
             Was an Initiate of Gozag.
             Slain by a spriggan defender (39 damage)
             ... in the Dungeon (Sprint IV: "Fedhas' Mad Dash").
             The game lasted 00:09:15 (1118 turns).

styxcanada the Imperceptible (Spriggan Brigand)     Turns: 1118, Time: 00:09:16

Health: -3/56      AC:  5    Str:  7    XL:     10   Next: 93%
Magic:  11/11      EV: 30    Int: 12    God:    Gozag
Gold:   2011       SH:  0    Dex: 25    Spells: 9/9 levels left

rFire    . . .     SeeInvis +   s - +8 rapier "Zokkem" {freeze, Dex+4}
rCold    + . .     Faith    .   (shield restricted)
rNeg     . . .     Spirit   .   b - +0 robe
rPois    +         Reflect  .   m - +2 hat {Stlth+}
rElec    .         Harm     .   c - +0 cloak
rCorr    .         Rampage  .   (gloves unavailable)
Will     ++...     NoTele   +   (boots unavailable) Stlth *+++++++++
                                l - amulet of invisibility {+Inv}
HPRegen  0.18/turn              q - ring "Obaren" {rPois rC+ Will+}
MPRegen  0.12/turn              (no ring)

@: very slightly contaminated, invisible, very quick
A: very small, no large weapons, unfitting armour, see invisible, speed 3
a: Renounce Religion, Evoke Invisibility, Potion Petition, Call Merchant, Bribe
Branch


You were in the Dungeon.
You worshipped Gozag.
Gozag was most pleased with you.
You visited 1 branch You collected 2342 gold pieces.
You spent 331 gold pieces at shops.

Inventory:

Hand Weapons
 a - a +2 dagger
 j - a +1 rapier of venom
 r - a +0 hunting sling
 s - the +8 rapier "Zokkem" (weapon) {freeze, Dex+4}
   (You found it in the Dungeon)

   It freezes those it strikes, dealing additional cold damage.
   It can also slow down cold-blooded creatures.
   Dex:       It affects your dexterity (+4).
Missiles
 d - 8 poisoned darts (quivered)
 e - 2 curare-tipped darts
 n - 15 sling bullets
Armour
 b - a +0 robe (worn)
 c - a +0 cloak (worn)
 m - a +2 hat of stealth (worn)
Jewellery
 l - the amulet of invisibility (around neck) {+Inv}
   (You found it in the Dungeon)

   [amulet of nothing]

   +Inv:      It lets you turn invisible.
 q - the ring "Obaren" (left hand) {rPois rC+ Will+}
   (You found it in the Dungeon)

   [ring of willpower]

   rC:        It protects you from cold.
   rPois:     It protects you from poison.
   Will:      It increases your willpower.
Scrolls
 k - a scroll of blinking
 o - a scroll of silence {unknown}
Potions
 f - 3 potions of curing
 g - 4 potions of heal wounds
 h - a potion of haste
 i - 2 potions of magic
Miscellaneous
 p - a lightning rod (4/4)


   Skills:
 * Level 8.2 Fighting
 + Level 6.8 Short Blades
 + Level 5.0 Throwing
 * Level 12.2 Dodging
 * Level 26.9 Stealth
 + Level 10.7 Evocations


You had 9 spell levels left.
You didn't know any spells.
Your spell library contained the following spells:

 Spells                   Type           Power      Damage    Failure   Level
 Stone Arrow              Conj/Erth      0%         3d7       69%         3
 Bolt of Magma            Conj/Fire/Erth 0%         4d4       100%        5
 Shatter                  Erth           0%         3d5*      100%        9


Dungeon Overview and Level Annotations

Branches:
Dungeon (1/1)

Altars:
Cheibriados
Dithmenos
Elyvilon
Gozag
Hepliaklqana
Kikubaaqudgha
Makhleb
Nemelex Xobeh
Okawaru
Qazlal
Ru
Sif Muna
Trog
Uskayaw
Vehumet
Wu Jian
Xom
Yredelemnul
Zin
The Shining One
Beogh
Jiyva
Lugonu

Shops:
D =((?!!((


Innate Abilities, Weirdness & Mutations

You are very small and have problems with some larger weapons.
You are too small for most types of armour.
You have supernaturally acute eyesight. (SInv)
You cover ground extremely quickly. (Speed+++)


Message History

You are very lightly contaminated with residual magic.
You open the door.
Agnes the Wanderer comes into view.
She is wielding a +1 lajatang of pain.
There is an open door here.
A spriggan berserker comes into view. It is wielding a +0 antimagic flail.
Found Salo's Antique Weapon Emporium.
Found Byotziur's Magic Scroll Shoppe.
The helpless Agnes fails to defend herself.
You spit Agnes like a pig!!!!!
You kill Agnes!
Your Fighting skill increases to level 8!
Your Dodging skill increases to level 12!
Your Stealth skill increases to level 26!
Your Evocations skill increases to level 10!
The helpless spriggan berserker fails to defend itself.
You perforate the spriggan berserker like a sieve!!!!!
You kill the spriggan berserker!
You now have 1957 gold pieces (gained 45).
Things that are here:
a +0 antimagic flail; a +0 animal skin You now have 2011 gold pieces (gained 54).
Things that are here:
a +1 lajatang of pain; a +2 robe A spriggan defender comes into view.
It is wielding a +3 spectral lajatang.
The spriggan defender shouts!
Found the Unrestrained Analects.
There is an entrance to Salo's Antique Weapon Emporium here.
You feel agile.
The +8 rapier "Zokkem" {freeze, Dex+4} glows with a cold blue light!
s - the +8 rapier "Zokkem" (weapon)
{freeze, Dex+4} The spriggan defender hits you with a +3 spectral lajatang!!
You puncture the spriggan defender! You freeze the spriggan defender.
The spriggan defender is moderately wounded.
The spriggan defender completely misses you.
You hit the spriggan defender. You freeze the spriggan defender.
The spriggan defender is moderately wounded.
The spriggan defender hits you with a +3 spectral lajatang!!!
Ouch! That really hurt!
You die...
Your body crumbles into a pile of gold.

#############......###.....♣.#
..♣.###.'..'.......'.[).)♣..∩#
♣..♣##..#..#.P.....###########
.♣).###.##'##.P....#
...♣'...#♣.♣########
#########.....#### *
###..♣..♣....###
#####.).♣......♣...♣###
.........♣.)...∩@i...:#
..##################### ***
******* *******
*****,,,∩∩***,,,,,***
+,,,,,,,,,**,,,,,,+,*
*****,,,,,+,,,,,,,*** *
******************
*****∩∩∩*,,,,,,,,,,,,*********
+$$$$∩$∩+,,,,,,,,,,,,+,,,,,,,*


You could see a spriggan defender.

Vanquished Creatures
  Agnes (D)
  A spriggan berserker (D)
  A spriggan druid (D)
  6 oklob plants (D)
  A demonic crawler (D)
  A queen bee (D)
  3 wandering mushrooms (D)
  3 burning bushes (D)
  A hornet (D)
  3 scorpions (D)
  4 killer bees (D)
  5 oklob saplings (D)
  5 spriggans (D)
  A river rat (D)
  A rat (D)
  A ballistomycete spore (D)
38 creatures vanquished.

Vanquished Creatures (others)
  2 fungi (D)
2 creatures vanquished.

Grand Total: 40 creatures vanquished

Notes
Turn   | Place    | Note
-------+----------+-------------------------------------------
     0 | D        | styxcanada the Spriggan Brigand began the quest for the
                  | Orb.
     0 | D        | Reached XP level 1. HP: 10/10 MP: 2/2
    16 | D        | Reached skill level 7 in Stealth
    16 | D        | Reached XP level 2. HP: 15/15 MP: 3/3
    36 | D        | Noticed an oklob sapling
    37 | D        | Killed an oklob sapling
    38 | D        | Reached skill level 9 in Stealth
    38 | D        | Reached XP level 3. HP: 19/19 MP: 4/4
    39 | D        | Found the amulet of invisibility {+Inv}
    39 | D        | Noticed a scorpion
    41 | D        | Killed a scorpion
    42 | D        | Reached skill level 12 in Stealth
    42 | D        | Reached XP level 4. HP: 23/23 MP: 5/5
    67 | D        | Found an opulent altar of Gozag.
    67 | D        | Found a hazy altar of Hepliaklqana.
    67 | D        | Found a burning altar of Makhleb.
    67 | D        | Found a sparkling altar of Nemelex Xobeh.
    67 | D        | Found a snail-covered altar of Cheibriados.
    67 | D        | Found a sacrificial altar of Ru.
    67 | D        | Found a shimmering blue altar of Sif Muna.
    67 | D        | Found a shimmering altar of Xom.
    67 | D        | Found a basalt altar of Yredelemnul.
    68 | D        | Found a viscous altar of Jiyva.
    68 | D        | Found a bloodstained altar of Trog.
    68 | D        | Found an ornate altar of the Wu Jian Council.
    69 | D        | Found an iron altar of Okawaru.
    69 | D        | Found a shadowy altar of Dithmenos.
    69 | D        | Found a glowing silver altar of Zin.
    70 | D        | Found an ancient bone altar of Kikubaaqudgha.
    70 | D        | Found a hide-covered altar of Uskayaw.
    71 | D        | Found a stormy altar of Qazlal.
    71 | D        | Found a white marble altar of Elyvilon.
    71 | D        | Found a glowing golden altar of the Shining One.
    72 | D        | Became a worshipper of Gozag Ym Sagoz the Greedy
    73 | D        | Found a corrupted altar of Lugonu.
    73 | D        | Found a radiant altar of Vehumet.
    77 | D        | Reached skill level 13 in Stealth
    77 | D        | Reached XP level 5. HP: 28/28 MP: 3/6
   221 | D        | Reached skill level 5 in Dodging
   221 | D        | Reached skill level 14 in Stealth
   221 | D        | Reached skill level 1 in Evocations
   228 | D        | Reached skill level 15 in Stealth
   230 | D        | Reached XP level 6. HP: 33/33 MP: 5/7
   260 | D        | Found Gacwal's Antique Weapon Shop.
   261 | D        | Found Fustrez's Jewellery Emporium.
   269 | D        | Noticed a burning bush
   269 | D        | Noticed a wandering mushroom
   270 | D        | Noticed a wandering mushroom
   273 | D        | Killed a burning bush
   274 | D        | Reached skill level 17 in Stealth
   274 | D        | Killed a wandering mushroom
   275 | D        | Reached skill level 19 in Stealth
   275 | D        | Reached XP level 7. HP: 38/38 MP: 5/8
   275 | D        | Killed a wandering mushroom
   278 | D        | Reached skill level 5 in Fighting
   278 | D        | Reached skill level 20 in Stealth
   289 | D        | Found Fugitz's Distillery.
   289 | D        | Found Wype's Distillery.
   298 | D        | Bought 2 potions of heal wounds for 140 gold pieces
   298 | D        | Bought a potion of might for 56 gold pieces
   298 | D        | Bought a potion of degeneration for 14 gold pieces
   300 | D        | Bought a potion of curing for 33 gold pieces
   300 | D        | Bought a potion of curing for 33 gold pieces
   300 | D        | Bought a potion of heal wounds for 55 gold pieces
   307 | D        | Identified a scroll of acquirement
   307 | D        | Acquired a +2 hat of stealth
   373 | D        | Noticed a queen bee
   380 | D        | Killed a queen bee
   381 | D        | Reached XP level 8. HP: 43/43 MP: 7/9
   387 | D        | Reached skill level 21 in Stealth
   387 | D        | Reached skill level 5 in Evocations
   451 | D        | Noticed an oklob plant
   454 | D        | Killed an oklob plant
   455 | D        | Reached skill level 5 in Throwing
   455 | D        | Reached skill level 22 in Stealth
   528 | D        | Noticed a burning bush
   550 | D        | Killed a burning bush
   551 | D        | Reached XP level 9. HP: 17/48 MP: 10/10
   600 | D        | Noticed a burning bush
   600 | D        | Noticed an oklob plant
   601 | D        | Noticed a wandering mushroom
   604 | D        | Killed a burning bush
   607 | D        | Killed an oklob plant
   608 | D        | Reached skill level 23 in Stealth
   611 | D        | Killed a wandering mushroom
   612 | D        | Reached skill level 5 in Short Blades
   612 | D        | Reached skill level 10 in Dodging
   614 | D        | Identified the ring "Obaren" {rPois rC+ Will+}
   769 | D        | Noticed a spriggan druid
   771 | D        | Killed a spriggan druid
   772 | D        | Reached skill level 24 in Stealth
   826 | D        | Noticed an oklob plant conjurer
   827 | D        | Killed an oklob plant conjurer
   906 | D        | Noticed an oklob plant
   906 | D        | Noticed an oklob plant summoner
   907 | D        | Noticed an oklob plant shifter
   911 | D        | Killed an oklob plant
   912 | D        | Reached XP level 10. HP: 55/55 MP: 8/11
   913 | D        | Killed an oklob plant summoner
   916 | D        | Killed an oklob plant shifter
   917 | D        | Reached skill level 25 in Stealth
   925 | D        | Identified the +8 rapier "Zokkem" {freeze, Dex+4}
   941 | D        | Noticed a spriggan rider
   942 | D        | Found Unegiomi's Weapon Emporium.
   946 | D        | Found Rirul's Weapon Shoppe.
  1092 | D        | Noticed Agnes
  1094 | D        | Found Salo's Antique Weapon Emporium.
  1094 | D        | Noticed a spriggan berserker
  1096 | D        | Found Byotziur's Magic Scroll Shoppe.
  1098 | D        | Killed Agnes
  1099 | D        | Reached skill level 26 in Stealth
  1099 | D        | Reached skill level 10 in Evocations
  1102 | D        | Killed a spriggan berserker
  1112 | D        | Noticed a spriggan defender
  1118 | D        | Slain by a spriggan defender

Illustrated notes

Levels and vault maps discovered:
D:        dungeon_sprint_fedhas [sprint_temple]

Skill      XL: |  1  2  3  4  5  6  7  8  9 10 |
---------------+-------------------------------+-----
Fighting       | 2 3 4 5 7 8 |  8.2
Dodging        | 2 3 4 5 7 8 9 10 12 | 12.2
Stealth        | 7 9 12 13 15 19 20 22 24 26 | 26.9
Throwing       | 3 4 5 |  5.0
Short Blades   | 3 4 5 6 |  6.8
Evocations     | 1 3 4 6 8 10 | 10.7

Action                   |  1- 3 |  4- 6 |  7- 9 | 10-12 || total
-------------------------+-------+-------+-------+-------++-------
Melee: Dagger            |     5 |     7 |    44 |     7 ||    63
       Rapier            |       |       |       |    11 ||    11
Throw: Dart              |     7 |       |       |       ||     7
 Abil: Evoke Invisibilit |       |     3 |     7 |     1 ||    11
  Use: Scroll            |       |       |     4 |       ||     4
       Potion            |       |       |     1 |     1 ||     2
 Stab: Sleeping          |     2 |     7 |    13 |     6 ||    28
       Invisible         |       |       |     4 |       ||     4
Armor: Robe              |       |       |     1 |       ||     1
Dodge: Dodged            |     3 |       |    18 |    11 ||    32
